TOP OF THE 1ST |
Calgary Flames batting - Pitching for Tijuana Toros : RHP Kevin Fleming
|
Pitching: RHP Kevin Fleming
|
|
Batting: RHB Dave McBain
|
0-0: Ground out 5-3 (Groundball, 5, EV 93.8 MPH)
|
Batting: RHB Ricardo Ortiz
|
0-0: Swinging Strike 0-1: Ball 1-1: Ball 2-1: Called Strike 2-2: SINGLE (Groundball, 34D, EV 101.9 MPH)
|
Batting: RHB Eric McMillian
|
0-0: Called Strike 0-1: Ball 1-1: Fly out, F8 (Flyball, 8RS, EV 80.6 MPH)
|
Batting: RHB Wally Cangro
|
0-0: Foul Ball, location: 2F 0-1: Ball 1-1: Foul Ball, location: 2F 1-2: Fly out, F7 (Flyball, 78D, EV 102.5 MPH)
|
Top of the 1st over - 0 runs, 1 hit, 0 errors, 1 left on base; Calgary 0 - Tijuana 0 |
BOTTOM OF THE 1ST |
Tijuana Toros batting - Pitching for Calgary Flames : LHP Ed Gates
|
Pitching: LHP Ed Gates
|
|
Batting: RHB Theo Schepers
|
0-0: Called Strike 0-1: Called Strike 0-2: Ball 1-2: Ground out 6-3 (Groundball, 6, EV 105.6 MPH)
|
Batting: LHB Steve Pond
|
0-0: Swinging Strike 0-1: Ball 1-1: Foul Ball, location: 2F 1-2: Ball 2-2: Fly out, F5 (Popup, 5, EV 59.4 MPH)
|
Batting: SHB Shane Marcum
|
0-0: Called Strike 0-1: Ball 1-1: Ball 2-1: Ball 3-1: Base on Balls
|
Batting: RHB Pat Adams
|
0-0: Ball 1-0: Called Strike 1-1: Fielders Choice at 2nd, U4 (Groundball, 4M, EV 87.5 MPH)
|
Bottom of the 1st over - 0 runs, 0 hits, 0 errors, 1 left on base; Calgary 0 - Tijuana 0 |
TOP OF THE 2ND |
Calgary Flames batting - Pitching for Tijuana Toros : RHP Kevin Fleming
|
Batting: RHB Kalidas Mishra
|
0-0: Called Strike 0-1: SINGLE (Flyball, 6D, EV 85.6 MPH)
|
Batting: RHB Mike MacLeod
|
0-0: Ball 1-0: Called Strike 1-1: Ball 2-1: SINGLE (Groundball, 56, EV 102.5 MPH) Kalidas Mishra to second
|
Pitching: RHP Andrew Telles
|
|
Batting: LHB James McCauley
|
0-0: Swinging Strike 0-1: Swinging Strike 0-2: Strikes out swinging
|
Batting: RHB Ed Oake
|
0-0: Ball 1-0: Ball 2-0: Ball 3-0: Base on Balls Kalidas Mishra to third Mike MacLeod to second
|
Batting: LHB Ramon Vega
|
0-0: Ball 1-0: Foul Ball, location: 2F 1-1: Swinging Strike 1-2: Foul Ball, location: 2F 1-2: Foul Ball, location: 2F 1-2: Ball 2-2: Ball 3-2: Foul Ball, location: 2F 3-2: Base on Balls Kalidas Mishra scores Mike MacLeod to third Ed Oake to second
|
Batting: RHB Dave McBain
|
0-0: Ball 1-0: Called Strike 1-1: Ball 2-1: Foul Ball, location: 2F 2-2: SINGLE (Flyball, 4D, EV 90.0 MPH) Mike MacLeod scores Ed Oake to third Ramon Vega to second
|
Pitching: RHP Seved Landgre
|
|
Batting: RHB Ricardo Ortiz
|
0-0: Called Strike 0-1: Reached on error, E6 (Groundball, 56, EV 84.4 MPH) Ed Oake scores Ramon Vega to third Dave McBain to second
|
Batting: RHB Eric McMillian
|
0-0: Ball 1-0: Swinging Strike 1-1: Ball 2-1: Swinging Strike 2-2: Foul Ball, location: 2F 2-2: SINGLE (Groundball, 4MD, EV 102.5 MPH) Ramon Vega scores Dave McBain to third Ricardo Ortiz to second Runner from 3rd tries for Home, SAFE, throw by CF to home
|
Batting: RHB Wally Cangro
|
0-0: Called Strike 0-1: Ball 1-1: Ball 2-1: Ball 3-1: Foul Ball, location: 2F 3-2: Foul Ball, location: 2F 3-2: Base on Balls Ricardo Ortiz to third Eric McMillian to second
|
Batting: RHB Kalidas Mishra
|
0-0: Swinging Strike 0-1: Foul Ball, location: 2F 0-2: Ball 1-2: Ball 2-2: Strikes out swinging
|
Pitching: RHP Balinda Msrah
|
|
Batting: RHB Mike MacLeod
|
0-0: Ball 1-0: Foul Ball, location: 2F 1-1: Foul Ball, location: 2F 1-2: Ball 2-2: Ball 3-2: Foul Ball, location: 2F 3-2: TRIPLE (Line Drive, 9LD, EV 103.1 MPH) Ricardo Ortiz scores Eric McMillian scores Wally Cangro scores
|
Batting: LHB James McCauley
|
0-0: Called Strike 0-1: Called Strike 0-2: Ball 1-2: Strikes out swinging
|
Top of the 2nd over - 8 runs, 5 hits, 1 error, 1 left on base; Calgary 8 - Tijuana 0 |
BOTTOM OF THE 2ND |
Tijuana Toros batting - Pitching for Calgary Flames : LHP Ed Gates
|
Batting: RHB David Watkins
|
0-0: Called Strike 0-1: SINGLE (Groundball, 56D, EV 102.5 MPH)
|
Batting: LHB Nate Kee
|
0-0: Ball 1-0: Ball 2-0: DOUBLE (Line Drive, 9LM, EV 111.2 MPH) David Watkins to third
|
Batting: RHB Mike Kaczor
|
0-0: Ball 1-0: Fly out, F9 (Flyball, 9D, EV 95.0 MPH) Runner from 3rd tags up, SCORES, throw by RF Nate Kee to third
|
Batting: RHB Joe Bower
|
0-0: SINGLE (Flyball, 3D, EV 88.1 MPH) Nate Kee scores
|
Batting: RHB Will Barksdale
|
0-0: Fly out, F9 (Flyball, 9LS, EV 90.0 MPH)
|
Batting: RHB Theo Schepers
|
0-0: TRIPLE (Flyball, 7D, EV 95.6 MPH) Joe Bower scores
|
Batting: LHB Steve Pond
|
0-0: Fly out, F5 (Popup, 5SF, EV 76.2 MPH)
|
Bottom of the 2nd over - 3 runs, 4 hits, 0 errors, 1 left on base; Calgary 8 - Tijuana 3 |
TOP OF THE 3RD |
Calgary Flames batting - Pitching for Tijuana Toros : RHP Balinda Msrah
|
Batting: RHB Ed Oake
|
0-0: Called Strike 0-1: Ground out 4-3 (Groundball, 34D, EV 86.2 MPH)
|
Batting: LHB Ramon Vega
|
0-0: Called Strike 0-1: Called Strike 0-2: DOUBLE (Line Drive, 9LS, EV 91.2 MPH)
|
Batting: RHB Dave McBain
|
0-0: Foul Ball, location: 2F 0-1: Ball 1-1: Swinging Strike 1-2: Strikes out swinging
|
Pitching: RHP Alfredo Sanchez
|
|
Batting: RHB Ricardo Ortiz
|
0-0: Ball 1-0: Called Strike 1-1: Ball 2-1: Fly out, F8 (Flyball, 78D, EV 103.1 MPH)
|
Top of the 3rd over - 0 runs, 1 hit, 0 errors, 1 left on base; Calgary 8 - Tijuana 3 |
BOTTOM OF THE 3RD |
Tijuana Toros batting - Pitching for Calgary Flames : LHP Ed Gates
|
Batting: SHB Shane Marcum
|
0-0: Called Strike 0-1: Foul Ball, location: 2F 0-2: Ball 1-2: Foul Ball, location: 2F 1-2: Strikes out swinging
|
Batting: RHB Pat Adams
|
0-0: Ball 1-0: Swinging Strike 1-1: Foul Ball, location: 2F 1-2: Strikes out swinging
|
Batting: RHB David Watkins
|
0-0: SINGLE (Groundball, 56D, EV 105.0 MPH)
|
Batting: LHB Nate Kee
|
0-0: Called Strike 0-1: Ball 1-1: Ball 2-1: SINGLE (Line Drive, 56D, EV 99.4 MPH) David Watkins to second
|
Batting: RHB Mike Kaczor
|
0-0: Ball 1-0: Ball 2-0: Foul Ball, location: 2F 2-1: Ball 3-1: SINGLE (Groundball, 3D, EV 99.4 MPH) David Watkins to third Nate Kee to second
|
Batting: RHB Joe Bower
|
0-0: SINGLE (Flyball, 56D, EV 89.4 MPH) David Watkins scores Nate Kee to third Mike Kaczor to second Runner from 3rd tries for Home, SAFE, throw by LF to home
|
Batting: RHB Will Barksdale
|
0-0: SINGLE (Flyball, 3D, EV 86.2 MPH) Mike Kaczor to third Joe Bower to second Runner from 3rd tries for Home, SAFE, throw by RF to home
|
Pitching: RHP Mason Broderick
|
|
Batting: RHB Theo Schepers
|
0-0: Ball 1-0: Ball 2-0: Called Strike 2-1: Ball 3-1: Base on Balls Joe Bower to third Will Barksdale to second
|
Batting: LHB Steve Pond
|
0-0: Ball 1-0: Ground out 4-3 (Groundball, 4, EV 91.2 MPH)
|
Bottom of the 3rd over - 3 runs, 5 hits, 0 errors, 3 left on base; Calgary 8 - Tijuana 6 |
TOP OF THE 4TH |
Calgary Flames batting - Pitching for Tijuana Toros : RHP Alfredo Sanchez
|
Batting: RHB Eric McMillian
|
0-0: Ball 1-0: Swinging Strike 1-1: Fly out, F9 (Flyball, 9, EV 79.4 MPH)
|
Batting: RHB Wally Cangro
|
0-0: Ball 1-0: Foul Ball, location: 2F 1-1: Ball 2-1: Ball 3-1: Called Strike 3-2: Base on Balls
|
Batting: RHB Kalidas Mishra
|
0-0: Ball Wally Cangro is caught stealing 2nd base 2-4 1-0: Ball 2-0: Ball 3-0: Base on Balls
|
Batting: RHB Mike MacLeod
|
0-0: Ball 1-0: SINGLE (Flyball, 7S, EV 93.8 MPH) Kalidas Mishra to second
|
Pitching: RHP Jeff Lewis
|
|
Batting: LHB James McCauley
|
0-0: Called Strike 0-1: Foul Ball, location: 2F 0-2: Ball 1-2: Strikes out swinging
|
Top of the 4th over - 0 runs, 1 hit, 0 errors, 2 left on base; Calgary 8 - Tijuana 6 |
BOTTOM OF THE 4TH |
Tijuana Toros batting - Pitching for Calgary Flames : RHP Mason Broderick
|
Batting: SHB Shane Marcum
|
0-0: SOLO HOME RUN (Flyball, 7D, EV 95.6 MPH), Distance : 383 ft
|
Batting: RHB Pat Adams
|
0-0: Called Strike 0-1: Foul Ball, location: 2F 0-2: Strikes out swinging
|
Batting: RHB David Watkins
|
0-0: Called Strike 0-1: Foul Ball, location: 2F 0-2: Fly out, F8 (Flyball, 8RD, EV 98.8 MPH)
|
Batting: LHB Nate Kee
|
0-0: Swinging Strike 0-1: Foul Ball, location: 2F 0-2: Strikes out looking
|
Bottom of the 4th over - 1 run, 1 hit, 0 errors, 0 left on base; Calgary 8 - Tijuana 7 |
TOP OF THE 5TH |
Calgary Flames batting - Pitching for Tijuana Toros : RHP Jeff Lewis
|
Batting: RHB Ed Oake
|
0-0: Called Strike 0-1: Ball 1-1: Foul Ball, location: 2F 1-2: SINGLE (Groundball, 6MD, EV 106.9 MPH)
|
Batting: LHB Ramon Vega
|
0-0: Ball 1-0: Ball 2-0: Ball 3-0: Base on Balls Ed Oake to second
|
Batting: RHB Dave McBain
|
0-0: Foul Ball, location: 2F 0-1: Ball 1-1: Grounds into double play, 5-4-3 (Groundball, 56, EV 83.8 MPH) Ed Oake to third
|
Batting: RHB Ricardo Ortiz
|
0-0: Foul Ball, location: 2F 0-1: Called Strike 0-2: SINGLE (Groundball, 6MD, EV 95.0 MPH) Ed Oake scores
|
Pitching: RHP Gary Salazar
|
|
Batting: RHB Eric McMillian
|
0-0: Called Strike 0-1: Ball 1-1: Foul Ball, location: 2F 1-2: Fielders Choice at 2nd, 6-4 (Groundball, 6, EV 98.8 MPH)
|
Top of the 5th over - 1 run, 2 hits, 0 errors, 1 left on base; Calgary 9 - Tijuana 7 |
BOTTOM OF THE 5TH |
Tijuana Toros batting - Pitching for Calgary Flames : RHP Mason Broderick
|
Batting: RHB Mike Kaczor
|
0-0: Called Strike 0-1: Ball 1-1: Ball 2-1: Ball 3-1: Swinging Strike 3-2: Foul Ball, location: 2F 3-2: Base on Balls
|
Batting: RHB Joe Bower
|
0-0: Foul Ball, location: 2F 0-1: Ball 1-1: Called Strike 1-2: Foul Ball, location: 2F 1-2: Ball 2-2: Strikes out looking
|
Batting: RHB Will Barksdale
|
0-0: Called Strike 0-1: Swinging Strike 0-2: Strikes out looking
|
Batting: RHB Theo Schepers
|
0-0: Ball 1-0: Fly out, F8 (Flyball, 8LD, EV 83.8 MPH)
|
Bottom of the 5th over - 0 runs, 0 hits, 0 errors, 1 left on base; Calgary 9 - Tijuana 7 |
TOP OF THE 6TH |
Calgary Flames batting - Pitching for Tijuana Toros : RHP Gary Salazar
|
Batting: RHB Wally Cangro
|
0-0: Called Strike 0-1: Fly out, F9 (Flyball, 89M, EV 90.0 MPH)
|
Batting: RHB Kalidas Mishra
|
0-0: Foul Ball, location: 2F 0-1: Foul Ball, location: 2F 0-2: Foul Ball, location: 2F 0-2: Strikes out looking
|
Batting: RHB Mike MacLeod
|
0-0: Ball 1-0: Ball 2-0: Ball 3-0: Called Strike 3-1: SINGLE (Groundball, 6MD, EV 95.0 MPH)
|
Batting: LHB James McCauley
|
0-0: Ball 1-0: Fly out, F9 (Flyball, 89S, EV 84.4 MPH)
|
Top of the 6th over - 0 runs, 1 hit, 0 errors, 1 left on base; Calgary 9 - Tijuana 7 |
BOTTOM OF THE 6TH |
Tijuana Toros batting - Pitching for Calgary Flames : RHP Mason Broderick
|
Batting: LHB Steve Pond
|
0-0: DOUBLE (Line Drive, 9LS, EV 105.0 MPH)
|
Batting: SHB Shane Marcum
|
0-0: Ball 1-0: Ball 2-0: Ball 3-0: Base on Balls
|
Pitching: RHP Chris Pisor
|
|
Batting: RHB Pat Adams
|
0-0: Ball 1-0: Grounds into double play, 5-4-3 (Groundball, 5, EV 76.2 MPH) Steve Pond to third
|
Batting: RHB David Watkins
|
0-0: Called Strike 0-1: Swinging Strike 0-2: Ball 1-2: Ball 2-2: Ball 3-2: Foul Ball, location: 2F 3-2: Ground out 6-3 (Groundball, 4M, EV 96.9 MPH)
|
Bottom of the 6th over - 0 runs, 1 hit, 0 errors, 1 left on base; Calgary 9 - Tijuana 7 |
TOP OF THE 7TH |
Calgary Flames batting - Pitching for Tijuana Toros : RHP Gary Salazar
|
Pitching: RHP Jordan Amaker
|
|
Batting: RHB Ed Oake
|
0-0: Called Strike 0-1: Ball 1-1: Foul Ball, location: 2F 1-2: Strikes out swinging
|
Batting: LHB Ramon Vega
|
0-0: Ball 1-0: Foul Ball, location: 2F 1-1: Foul Ball, location: 2F 1-2: SINGLE (Groundball, 5L, EV 86.9 MPH) (infield hit)
|
Batting: RHB Dave McBain
|
0-0: Ball Ramon Vega steals 2nd base 1-0: Ground out 3-1 (Groundball, 34S, EV 88.1 MPH) Ramon Vega to third
|
Batting: RHB Ricardo Ortiz
|
0-0: Ball 1-0: Called Strike 1-1: Ground out U3 (Groundball, 34, EV 109.4 MPH)
|
Top of the 7th over - 0 runs, 1 hit, 0 errors, 1 left on base; Calgary 9 - Tijuana 7 |
BOTTOM OF THE 7TH |
Tijuana Toros batting - Pitching for Calgary Flames : RHP Chris Pisor
|
Pitching: LHP Jay Bowen
|
|
Batting: LHB Nate Kee
|
0-0: Called Strike 0-1: Swinging Strike 0-2: Strikes out swinging
|
Pitching: RHP Ching Ge
|
|
Batting: RHB Mike Kaczor
|
0-0: Ball 1-0: Ball 2-0: Called Strike 2-1: Foul Ball, location: 2F 2-2: Foul Ball, location: 2F 2-2: Foul Ball, location: 2F 2-2: Strikes out looking
|
Batting: RHB Joe Bower
|
0-0: Called Strike 0-1: Ball 1-1: Ball 2-1: Called Strike 2-2: Strikes out swinging
|
Bottom of the 7th over - 0 runs, 0 hits, 0 errors, 0 left on base; Calgary 9 - Tijuana 7 |
TOP OF THE 8TH |
Calgary Flames batting - Pitching for Tijuana Toros : RHP Jordan Amaker
|
Batting: RHB Eric McMillian
|
0-0: Foul Ball, location: 2F 0-1: SINGLE (Groundball, 6D, EV 97.5 MPH)
|
Batting: RHB Wally Cangro
|
0-0: Swinging Strike 0-1: Ball 1-1: 2-RUN HOME RUN (Flyball, 8LXD, EV 110.6 MPH), Distance : 446 ft
|
Batting: RHB Kalidas Mishra
|
0-0: Called Strike 0-1: Ground out 6-3 (Groundball, 6, EV 81.2 MPH)
|
Batting: RHB Mike MacLeod
|
0-0: Ball 1-0: Ball 2-0: Ball 3-0: Base on Balls
|
Batting: LHB James McCauley
|
0-0: SINGLE (Groundball, 4S, EV 70.0 MPH) (infield hit) Mike MacLeod to second
|
Batting: RHB Ed Oake
|
0-0: Ball 1-0: Ball 2-0: Ball 3-0: Called Strike 3-1: Fly out, F9 (Flyball, 9S, EV 88.8 MPH)
|
Batting: LHB Ramon Vega
|
0-0: Ball 1-0: Swinging Strike 1-1: SINGLE (Groundball, 6S, EV 64.4 MPH) (infield hit) Mike MacLeod to third James McCauley to second
|
Batting: RHB Dave McBain
|
0-0: Called Strike 0-1: Called Strike 0-2: DOUBLE (Line Drive, 89D, EV 101.2 MPH) Mike MacLeod scores James McCauley scores Ramon Vega to third Runner from 3rd tries for Home, SAFE, no throw by CF
|
Batting: RHB Ricardo Ortiz
|
0-0: Ground out 6-3 (Groundball, 6S, EV 82.5 MPH)
|
Top of the 8th over - 5 runs, 5 hits, 0 errors, 1 left on base; Calgary 14 - Tijuana 7 |
BOTTOM OF THE 8TH |
Tijuana Toros batting - Pitching for Calgary Flames : RHP Ching Ge
|
Batting: RHB Will Barksdale
|
0-0: Ball 1-0: Swinging Strike 1-1: Ball 2-1: Foul Ball, location: 2F 2-2: Strikes out swinging
|
Batting: RHB Theo Schepers
|
0-0: Called Strike 0-1: Foul Ball, location: 2F 0-2: Foul Ball, location: 2F 0-2: Foul Ball, location: 2F 0-2: Strikes out swinging
|
Batting: LHB Steve Pond
|
0-0: Called Strike 0-1: Ball 1-1: Foul Ball, location: 2F 1-2: Strikes out swinging
|
Bottom of the 8th over - 0 runs, 0 hits, 0 errors, 0 left on base; Calgary 14 - Tijuana 7 |
TOP OF THE 9TH |
Calgary Flames batting - Pitching for Tijuana Toros : RHP Jordan Amaker
|
Batting: RHB Eric McMillian
|
0-0: Ball 1-0: Ball 2-0: Ball 3-0: Base on Balls
|
Batting: RHB Wally Cangro
|
0-0: Ball 1-0: 2-RUN HOME RUN (Flyball, 89XD, EV 101.9 MPH), Distance : 400 ft
|
Batting: RHB Kalidas Mishra
|
0-0: Swinging Strike 0-1: Ball 1-1: Ball 2-1: Foul Ball, location: 2F 2-2: Ball 3-2: Base on Balls
|
Batting: RHB Mike MacLeod
|
0-0: Ball 1-0: Called Strike 1-1: Fly out, F4 (Popup, 34, EV 60.6 MPH)
|
Batting: LHB James McCauley
|
0-0: Foul Ball, location: 2F 0-1: Ball 1-1: Swinging Strike 1-2: Strikes out swinging
|
Batting: RHB Ed Oake
|
0-0: Called Strike 0-1: Foul Ball, location: 2F 0-2: Ball 1-2: Ball 2-2: Ball 3-2: Base on Balls Kalidas Mishra to second
|
Pitching: RHP John Hanson
|
|
Batting: LHB Ramon Vega
|
0-0: Ball 1-0: Called Strike 1-1: Ball 2-1: Foul Ball, location: 2F 2-2: Foul Ball, location: 2F 2-2: SINGLE (Flyball, 8RS, EV 92.5 MPH) Kalidas Mishra to third Ed Oake to second
|
Batting: RHB Dave McBain
|
0-0: Ball 1-0: Called Strike 1-1: Called Strike 1-2: Foul Ball, location: 2F 1-2: DOUBLE (Flyball, 89D, EV 99.4 MPH) Kalidas Mishra scores Ed Oake scores Ramon Vega to third
|
Batting: RHB Ricardo Ortiz
|
0-0: DOUBLE (Groundball, 3L, EV 101.9 MPH) Ramon Vega scores Dave McBain scores
|
Batting: RHB Eric McMillian
|
0-0: Ball Wild Pitch! Ricardo Ortiz to third 1-0: Fly out, F4 (Popup, 3S, EV 77.5 MPH)
|
Top of the 9th over - 6 runs, 4 hits, 0 errors, 1 left on base; Calgary 20 - Tijuana 7 |
BOTTOM OF THE 9TH |
Tijuana Toros batting - Pitching for Calgary Flames : RHP Ching Ge
|
Batting: SHB Shane Marcum
|
0-0: Foul Ball, location: 2F 0-1: Called Strike 0-2: Strikes out swinging
|
Pinch Hitting: RHB Djoka Subasic
|
0-0: Ball 1-0: Called Strike 1-1: Swinging Strike 1-2: Ball 2-2: Strikes out looking
|
Batting: RHB David Watkins
|
0-0: Ball 1-0: Swinging Strike 1-1: Ball 2-1: Ball 3-1: Ground out 6-3 (Groundball, 6, EV 85.0 MPH)
|
Bottom of the 9th over - 0 runs, 0 hits, 0 errors, 0 left on base; Calgary 20 - Tijuana 7 |
|